 Dungeon Sprint DCSS version 0.28.0-43-g3370ac3207 (webtiles) character file.

Game seed: 4623316951798938750

21851 boopmooplesden the Phalangite (level 12, -11/157 HPs)
             Began as a Minotaur Berserker on Mar 20, 2022.
             Was the Champion of Trog.
             Mangled by a fire giant
             ... wielding a +1 great sword of flaming
              (12 damage)
             ... in the Dungeon (Sprint I: "Red Sonja").
             The game lasted 00:09:54 (4650 turns).

boopmooplesden the Phalangite (Minotaur Berserker)  Turns: 4650, Time: 00:09:55

Health: -11/157    AC: 20    Str: 21 (24) XL:     12   Next: 57%
Magic:  17/17      EV: 12    Int:  7 (8)  God:    Trog [******]
Gold:   1213       SH:  0    Dex: 11      Spells: 11/11 levels left

rFire   + + .      SeeInvis .   y - +4 glaive "Cauggiz" {vorpal, Str+6}
rCold   + + .      Faith    .   (shield currently unavailable)
rNeg    . . .      Spirit   .   A - +3 chain mail of Ziexaixoru {rF++ Regen+}
rPois   +          Reflect  .   (helmet unavailable)
rElec   .          Harm     .   n - +0 cloak {rPois}
rCorr   .          Rampage  .   B - +0 pair of gloves
Will    .....      Rage     3%  m - +0 pair of boots
Stlth   .......... NoTele   +   r - amulet of the acrobat
HPRegen 0.00/turn               u - ring "Irchagat" {rPois rC++ MP+9 Int+4}
MPRegen 0.15/turn               (no ring)

@: berserking, inhibited regen, unable to read, very quick
A: horns 3, retaliatory headbutt, iridescent scales 1, berserk 2, clumsy 2,
deformed body, deterioration 2, frail 2, low MP 2, screaming 2, inhibited
regeneration, weak 2, inability to read while threatened
a: Renounce Religion, Berserk, Trog's Hand, Brothers in Arms


You were in the Dungeon.
You worshipped Trog.
Trog was exalted by your worship.
You visited 1 branch You collected 3066 gold pieces.
You spent 1853 gold pieces at shops.

Inventory:

Hand Weapons
 a - a +0 falchion
 l - a +4 scythe of flaming
 q - a +1 vorpal glaive
 t - a +6 glaive of flaming
 v - a +2 triple sword of flaming
 x - a +0 bardiche
 y - the +4 glaive "Cauggiz" (weapon) {vorpal, Str+6}
   (Trog gifted it to you in the Dungeon)

   It inflicts extra damage upon your enemies.
   Str:       It affects your strength (+6).
 z - the +1 halberd of Lann {vorpal, rElec rF+ SInv Stlth-}
   (Trog gifted it to you in the Dungeon)

   It inflicts extra damage upon your enemies.
   rF:        It protects you from fire.
   rElec:     It insulates you from electricity.
   SInv:      It lets you see invisible.
   Stlth:     It makes you less stealthy.
Missiles
 w - 4 javelins (quivered)
Armour
 b - a +0 animal skin
 j - a +2 scale mail of cold resistance
 m - a +0 pair of boots (worn)
 n - a +0 cloak of poison resistance (worn)
 A - the +3 chain mail of Ziexaixoru (worn) {rF++ Regen+}
   (You bought it in a shop in the Dungeon)

   rF:        It greatly protects you from fire.
   Regen:     It increases your rate of health regeneration.
 B - a +0 pair of gloves (worn)
Jewellery
 r - an amulet of the acrobat (around neck)
 u - the ring "Irchagat" (left hand) {rPois rC++ MP+9 Int+4}
   (You bought it in a shop in the Dungeon)

   [ring of magical power]

   Int:       It affects your intelligence (+4).
   rC:        It greatly protects you from cold.
   rPois:     It protects you from poison.
   MP:        It affects your magic capacity (+9).
Wands
 i - a wand of digging (4)
Scrolls
 h - 2 scrolls of identify {unknown}
 o - a scroll of magic mapping {unknown}
 p - a scroll of brand weapon {unknown}
 s - a scroll of torment {unknown}
Potions
 c - 3 potions of curing
 d - a potion of heal wounds
 e - a potion of haste
 f - 2 potions of magic
 g - a potion of berserk rage
 k - 2 potions of flight {unknown}


   Skills:
 + Level 19.7 Fighting
 + Level 14.4 Long Blades
 + Level 22.5 Polearms
 + Level 16.3 Armour
 + Level 12.7 Dodging
 + Level 3.7 Stealth


You had 11 spell levels left.
You didn't know any spells.
Your spell library was empty.

Dungeon Overview and Level Annotations

Branches:
Dungeon (1/1)

Altars:
Cheibriados
Dithmenos
Elyvilon
Fedhas
Gozag
Hepliaklqana
Kikubaaqudgha
Makhleb
Nemelex Xobeh
Okawaru
Qazlal
Ru
Sif Muna
Trog
Uskayaw
Vehumet
Wu Jian
Xom
Yredelemnul
Zin
The Shining One
Jiyva
Lugonu

Shops:
D ?[=(=[*[[*!!**?(*=([=!


Innate Abilities, Weirdness & Mutations

You have a pair of large horns on your head.
You reflexively headbutt those who attack you in melee.
You are partially covered in iridescent scales. (AC +2)
You often lose your temper in combat.
You are very clumsy. (Dex -4)
Armour fits poorly on your strangely shaped body.
Your body often deteriorates upon taking damage.
You are very frail. (-20% HP)
Your magical capacity is very low. (-20% MP)
You frequently scream uncontrollably at your foes.
You do not regenerate when monsters are visible.
You are very weak. (Str -4)
You sometimes lose the ability to read scrolls when taking damage.


Message History

You slice the fire giant!!
You headbutt the fire giant, but do no damage.
The fire giant is heavily wounded.
You hit the fire giant. You headbutt the fire giant!
The fire giant is severely wounded.
The fire giant hits you with a +3 great sword of flaming!
* * * LOW HITPOINT WARNING * * *
Your body deteriorates!
You feel weakened.
The fire giant gestures at you while chanting.
The bolt of fire misses you.
You slice the fire giant!!
You feel the power of Trog in you as your rage grows.
You kill the fire giant!
Trog accepts your kill.
Trog appreciates your killing of a magic user.
You feel your strength returning.
Found a wand of digging (5) and a pink potion.
The fire giant gestures at you while chanting.
The fireball explodes!
The fireball engulfs you! You resist.
* * * LOW HITPOINT WARNING * * *
The fireball engulfs the fire giant.
The fire giant resists.
You see here a +3 great sword of flaming.
You slice the fire giant!!
You feel the power of Trog in you as your rage grows.
You kill the fire giant!
Trog accepts your kill.
Trog appreciates your killing of a magic user.
You feel your dexterity returning.
Found 7 gold pieces, a scroll of blinking and a scroll labelled YBEMUVVAPSA.
The fire giant hits you with a +1 great sword of flaming!
* * * LOW HITPOINT WARNING * * *
The fire giant burns you.
* * * LOW HITPOINT WARNING * * *
Things that are here:
a +1 great sword of flaming; a fire giant corpse You are too berserk!
You slice the fire giant!! You headbutt the fire giant!
The fire giant is heavily wounded.
The fire giant hits you with a +1 great sword of flaming!
You die...

###(###.#☼○##
#..#+###..≈#...
..'.∩##.# ##...#
≈..##..§ #######.# ###.#
#.... .....##.# #.#
#.... .....§§§# #.#
##... .######§# ####'#
#... ....§§#§# ###....#
##..
....§#§§#?!/#####...####
##.
...§§####$....CC@)### ##
...≈≈# ?....##### .≈≈≈##
... ≈≈### . ##'###
###∩∩# ∩∩∩∩## #####


You could see 2 fire giants.

Vanquished Creatures
  A golden dragon (D)
  A shadow dragon (D)
  2 fire giants (D)
  A deep elf annihilator (D)
  A hydra (D)
  2 centaur warriors (D)
  Sonja (D)
  A deep troll (D)
  A lindwurm (D)
  An oklob plant (D)
  8 shining eyes (D)
  2 merfolk sirens (D)
  2 gargoyles (D)
  7 unseen horrors (D)
  4 demonic crawlers (D)
  2 kobold demonologists (D)
  A hellwing (D)
  5 hornets (D)
  A slime creature (D)
  Sigmund (D)
  13 hogs (D)
  A yak (D)
  2 redbacks (D)
  7 floating eyes (D)
  7 necrophages (D)
  An ogre (D)
  8 jellies (D)
  Ijyb (D)
  A ballistomycete spore (D)
86 creatures vanquished.

Vanquished Creatures (others)
  A ballistomycete spore (D)
1 creature vanquished.

Grand Total: 87 creatures vanquished

Notes
Turn   | Place    | Note
-------+----------+-------------------------------------------
     0 | D        | boopmooplesden the Minotaur Berserker began the quest for
                  | the Orb.
     0 | D        | Reached XP level 1. HP: 19/19 MP: 0/0
     1 | D        | Noticed Ijyb
     8 | D        | Killed Ijyb
     9 | D        | Reached skill level 5 in Fighting
     9 | D        | Reached skill level 5 in Long Blades
     9 | D        | Reached XP level 2. HP: 29/29 MP: 1/1
    61 | D        | Noticed an ogre
    65 | D        | Killed an ogre
    66 | D        | Reached XP level 3. HP: 39/39 MP: 2/2
    66 | D        | Reached XP level 4. HP: 47/47 MP: 3/3
   307 | D        | Noticed Sigmund
   311 | D        | Killed Sigmund
   311 | D        | Reached ** piety under Trog
   312 | D        | Reached skill level 10 in Long Blades
   312 | D        | Reached skill level 5 in Armour
   312 | D        | Reached XP level 5. HP: 58/58 MP: 4/4
   312 | D        | Reached XP level 6. HP: 66/66 MP: 5/5
   662 | D        | Found a burning altar of Makhleb.
   662 | D        | Found a viscous altar of Jiyva.
   662 | D        | Found a shimmering altar of Xom.
   662 | D        | Found a corrupted altar of Lugonu.
   662 | D        | Noticed a slime creature
   669 | D        | Killed a slime creature
   670 | D        | Reached skill level 10 in Fighting
   670 | D        | Reached skill level 2 in Polearms
   670 | D        | Reached skill level 5 in Dodging
   888 | D        | Found an ornate altar of the Wu Jian Council.
   888 | D        | Found a shimmering blue altar of Sif Muna.
   890 | D        | Found a radiant altar of Vehumet.
   929 | D        | Found Zellidi's Antique Weapon Emporium.
   929 | D        | Found an ancient bone altar of Kikubaaqudgha.
   929 | D        | Found a hazy altar of Hepliaklqana.
   929 | D        | Found a hide-covered altar of Uskayaw.
   929 | D        | Found a basalt altar of Yredelemnul.
   929 | D        | Found an opulent altar of Gozag.
   929 | D        | Found a snail-covered altar of Cheibriados.
   929 | D        | Found a sacrificial altar of Ru.
   929 | D        | Found a shadowy altar of Dithmenos.
   929 | D        | Noticed a yak
   935 | D        | Killed a yak
   936 | D        | Reached skill level 3 in Polearms
   936 | D        | Reached XP level 7. HP: 47/74 MP: 6/6
   936 | D        | Found a stormy altar of Qazlal.
   936 | D        | Found a blossoming altar of Fedhas.
   936 | D        | Found a bloodstained altar of Trog.
   936 | D        | Found an iron altar of Okawaru.
   936 | D        | Found a glowing golden altar of the Shining One.
   936 | D        | Found a glowing silver altar of Zin.
   936 | D        | Found a white marble altar of Elyvilon.
   937 | D        | Found a sparkling altar of Nemelex Xobeh.
  1071 | D        | Noticed a kobold demonologist
  1073 | D        | Noticed a kobold demonologist
  1076 | D        | Noticed a hellwing
  1077 | D        | Paralysed by a floating eye for 3 turns
  1081 | D        | Reached skill level 4 in Polearms
  1081 | D        | Killed a kobold demonologist
  1081 | D        | Reached *** piety under Trog
  1082 | D        | Reached skill level 5 in Polearms
  1086 | D        | Killed a kobold demonologist
  1087 | D        | Reached skill level 6 in Polearms
  1087 | D        | Reached XP level 8. HP: 85/85 MP: 7/7
  1118 | D        | Bought a smouldering spear for 176 gold pieces
  1118 | D        | Identified the +8 spear of Plague {pain, Contam rPois
                  | rCorr} (You bought it in a shop in the Dungeon)
  1128 | D        | Noticed a centaur warrior
  1128 | D        | Noticed a centaur warrior
  1132 | D        | Killed a centaur warrior
  1132 | D        | Reached **** piety under Trog
  1133 | D        | Reached skill level 8 in Polearms
  1137 | D        | Killed a centaur warrior
  1138 | D        | Reached skill level 10 in Polearms
  1138 | D        | Reached skill level 10 in Armour
  1138 | D        | Reached skill level 1 in Stealth
  1138 | D        | Reached XP level 9. HP: 75/94 MP: 8/8
  1494 | D        | Noticed an oklob plant
  1500 | D        | Killed an oklob plant
  1501 | D        | Reached skill level 11 in Polearms
  1965 | D        | Noticed a deep troll
  1970 | D        | Killed a deep troll
  1971 | D        | Reached skill level 12 in Polearms
  1982 | D        | Found Ylisch's Armour Emporium.
  1987 | D        | Bought a +0 cloak of poison resistance for 119 gold pieces
  2110 | D        | Killed an unseen horror
  2111 | D        | Reached XP level 10. HP: 104/104 MP: 9/9
  2116 | D        | Reached skill level 13 in Polearms
  2213 | D        | Reached ***** piety under Trog
  2214 | D        | Reached skill level 15 in Fighting
  2229 | D        | Received a gift from Trog
  2256 | D        | Reached skill level 14 in Polearms
  2266 | D        | Received a gift from Trog
  2407 | D        | Found Nuqat's Armour Shoppe.
  2407 | D        | Found Heuju Gott's General Store.
  2407 | D        | Found Okhly's Armour Boutique.
  2409 | D        | Found Nuichukkah's General Store.
  2409 | D        | Found Zemopt's Distillery.
  2409 | D        | Found Jofarewnum's Distillery.
  2409 | D        | Found Uhyvikk's General Store.
  2409 | D        | Found Neidas's Assorted Antiques.
  2409 | D        | Found Ryocw's Magic Scroll Shop.
  2409 | D        | Found Vytuag's Antique Weapon Shoppe.
  2413 | D        | Found Tizyfeesky's General Store.
  2414 | D        | Found Feivvac's Antique Weapon Emporium.
  2414 | D        | Found Nian's Jewellery Boutique.
  2415 | D        | Found Hosuus's Jewellery Emporium.
  2524 | D        | Bought an amulet of the acrobat for 300 gold pieces
  2561 | D        | Noticed Sonja
  2580 | D        | Killed Sonja
  2580 | D        | Reached ****** piety under Trog
  2661 | D        | Found Hiag's Magic Scroll Boutique.
  2893 | D        | Noticed a shining eye
  2893 | D        | Noticed a shining eye
  2893 | D        | Noticed a shining eye
  2895 | D        | Reached skill level 15 in Polearms
  2895 | D        | Gained mutation: Your magical capacity is low. (-10% MP) [a
                  | shining eye]
  2896 | D        | Noticed a shining eye
  2896 | D        | Noticed a shining eye
  2896 | D        | Noticed a shining eye
  2896 | D        | Gained mutation: Your body sometimes deteriorates upon
                  | taking damage. [a shining eye]
  2897 | D        | Gained mutation: You have hidden genetic defects. [a
                  | shining eye]
  2897 | D        | Gained mutation: You tend to lose your temper in combat. [a
                  | shining eye]
  2899 | D        | Killed a shining eye
  2900 | D        | Gained mutation: You are partially covered in iridescent
                  | scales. (AC +2) [a shining eye]
  2901 | D        | Killed a shining eye
  2902 | D        | Gained mutation: You are dopey. (Int -2) [a shining eye]
  2903 | D        | Killed a shining eye
  2903 | D        | Received a gift from Trog
  2903 | D        | Gained mutation: You are clumsy. (Dex -2) [a shining eye]
  2904 | D        | Reached skill level 16 in Polearms
  2904 | D        | Gained mutation: You occasionally shout uncontrollably at
                  | your foes. [a shining eye]
  2905 | D        | Noticed a shining eye
  2905 | D        | Noticed a shining eye
  2907 | D        | Gained mutation: You often lose your temper in combat. [a
                  | shining eye]
  2908 | D        | Gained mutation: You are very clumsy. (Dex -4) [a shining
                  | eye]
  2908 | D        | Gained mutation: You have a pair of large horns on your
                  | head. [a shining eye]
  2909 | D        | Killed a shining eye
  2910 | D        | Gained mutation: You frequently scream uncontrollably at
                  | your foes. [a shining eye]
  2911 | D        | Gained mutation: Your magical capacity is very low. (-20%
                  | MP) [a shining eye]
  2911 | D        | Lost mutation: You are dopey. (Int -2) [a shining eye]
  2912 | D        | Gained mutation: You are weak. (Str -2) [a shining eye]
  2913 | D        | Killed a shining eye
  2913 | D        | Gained mutation: You are very weak. (Str -4) [a shining
                  | eye]
  2913 | D        | Gained mutation: You are frail. (-10% HP) [a shining eye]
  2914 | D        | Reached skill level 10 in Dodging
  2914 | D        | Reached XP level 11. HP: 103/103 MP: 7/7
  2914 | D        | Gained mutation: You sometimes lose the ability to read
                  | scrolls when taking damage. [hidden defects]
  2915 | D        | Killed a shining eye
  2916 | D        | Reached skill level 17 in Polearms
  2916 | D        | Gained mutation: Your body often deteriorates upon taking
                  | damage. [a shining eye]
  2919 | D        | Gained mutation: Armour fits poorly on your strangely
                  | shaped body. [a shining eye]
  2922 | D        | Killed a shining eye
  2923 | D        | Gained mutation: You are very frail. (-20% HP) [a shining
                  | eye]
  2930 | D        | Killed a shining eye
  2948 | D        | Found Furphiaru's Jewellery Shop.
  2948 | D        | Found Welaosa's Armour Shoppe.
  2948 | D        | Found Dikiuzo's Armour Boutique.
  2948 | D        | Found Ymucvuq's Jewellery Emporium.
  2963 | D        | Bought the ring "Irchagat" {rPois rC++ MP+9 Int+4} for 628
                  | gold pieces
  3028 | D        | Received a gift from Trog
  3029 | D        | Reached skill level 18 in Polearms
  3040 | D        | Gained mutation: You do not regenerate when monsters are
                  | visible. [hidden defects]
  3040 | D        | Lost mutation: You have hidden genetic defects. [hidden
                  | defects expressed]
  3085 | D        | Noticed a lindwurm
  3090 | D        | Killed a lindwurm
  3110 | D        | Received a gift from Trog
  3111 | D        | Reached skill level 19 in Polearms
  3123 | D        | Received a gift from Trog
  3364 | D        | Noticed a 12-headed hydra
  3366 | D        | Killed a ten-headed hydra
  3721 | D        | Noticed a deep elf annihilator
  3729 | D        | Reached skill level 20 in Polearms
  3732 | D        | Identified the +4 glaive "Cauggiz" {vorpal, Str+6} (Trog
                  | gifted it to you in the Dungeon)
  3732 | D        | Received a gift from Trog
  3752 | D        | Identified the +1 halberd of Lann {vorpal, rElec rF+ SInv
                  | Stlth-} (Trog gifted it to you in the Dungeon)
  3752 | D        | Received a gift from Trog
  3754 | D        | Reached skill level 15 in Armour
  3832 | D        | Killed a deep elf annihilator
  3833 | D        | Reached XP level 12. HP: 102/102 MP: 8/8
  3845 | D        | Noticed a daeva
  3858 | D        | Reached skill level 21 in Polearms
  4218 | D        | Bought the +3 chain mail of Ziexaixoru {rF++ Regen+} for
                  | 572 gold pieces
  4218 | D        | Bought a +0 pair of gloves for 58 gold pieces
  4460 | D        | Noticed a shadow dragon
  4460 | D        | Noticed a golden dragon
  4477 | D        | Killed a golden dragon
  4477 | D        | Received a gift from Trog
  4481 | D        | Killed a shadow dragon
  4482 | D        | Reached skill level 22 in Polearms
  4550 | D        | Found Cedion's Distillery.
  4558 | D        | Identified the +1 robe of Uskayaw's Hatred {rPois}
  4637 | D        | Noticed a fire giant
  4638 | D        | Noticed a fire giant
  4640 | D        | Noticed a fire giant
  4640 | D        | Noticed a fire giant
  4646 | D        | Killed a fire giant
  4648 | D        | Killed a fire giant
  4649 | D        | HP: 2/157 [fire giant/+1 great sword of flaming (14)]
  4650 | D        | Mangled by a fire giant

Illustrated notes

Levels and vault maps discovered:
D:        dungeon_sprint_1 [red_sonja_temple_1, red_sonja_temple_small_1]

Skill      XL: |  1  2  3  4  5  6  7  8  9 10 11 12 |
---------------+-------------------------------------+-----
Fighting       | 5 7 9 11 12 13 14 16 18 19 | 19.7
Long Blades    | 5 8 10 12 13 14 | 14.4
Armour         | 3 4 5 6 8 10 11 13 15 16 | 16.3
Dodging        | 3 4 5 6 8 10 11 12 | 12.7
Polearms       | 3 6 10 12 16 20 22 | 22.5
Stealth        | 1 2 3 |  3.7

Action                   |  1- 3 |  4- 6 |  7- 9 | 10-12 || total
-------------------------+-------+-------+-------+-------++-------
Melee: Falchion          |     8 |     2 |       |       ||    10
       Headbutt          |     2 |     2 |    10 |    42 ||    56
       Scythe            |       |    12 |    39 |    66 ||   117
       Glaive            |       |       |       |   109 ||   109
Invok: Berserk           |     2 |     2 |     6 |     6 ||    16
  Use: Scroll            |       |       |     1 |       ||     1
       Potion            |       |       |       |     1 ||     1
Armor: Animal skin       |     2 |       |       |       ||     2
       Scale mail        |       |     5 |    37 |   102 ||   144
       Chain mail        |       |       |       |     1 ||     1
Dodge: Dodged            |     2 |    10 |    40 |   132 ||   184
